 Dungeon Crawl Stone Soup version 0.25-a0-290-g4a1327ee3a (webtiles) character file.

Game seed: 2993231058295285737, levelgen mode: deterministic

30 roguesci the Ruffian (level 3, 0/46 HPs)
             Began as a Naga Transmuter on Dec 13, 2019.
             Slain by a gnoll
             ... wielding a +0 whip
              (5 damage)
             ... on level 2 of the Dungeon.
             The game lasted 00:02:53 (1194 turns).

roguesci the Ruffian (Naga Transmuter)              Turns: 1194, Time: 00:02:53

Health: 0/46       AC: 21    Str: 13    XL:     3   Next: 18%
Magic:  4/6        EV:  1    Int: 13    God:
Gold:   87         SH:  0    Dex: 11    Spells: 5/6 levels left

rFire    . . .     SeeInvis +   g - +2 short sword (freeze)
rCold    . . .     Gourm    .   (no shield)
rNeg     + + +     Faith    .   (armour currently unavailable)
rPois    +         Spirit   .   (helmet currently unavailable)
rElec    .         Reflect  .   (cloak currently unavailable)
rCorr    .         Harm     .   (gloves currently unavailable)
MR       .....     NoTele   +   (no barding)
Stlth    +.........             (no amulet)
HPRegen  0.15/turn              (no ring)
MPRegen  0.10/turn              (no ring)

@: tree-form
A: large, see invisible, slow metabolism 1, spit poison 1, AC +1
a: Spit Poison


You were on level 2 of the Dungeon.
You were not hungry.
You were a tree.
You visited 1 branch of the dungeon, and saw 2 of its levels.

You collected 87 gold pieces.

Inventory:

Hand Weapons
 g - a +2 short sword of freezing (weapon)
Missiles
 a - 12 arrows
 c - 44 stones (quivered)
Armour
 b - a +0 robe (melded)
 e - a +0 buckler
Scrolls
 h - a scroll of identify {unknown}
 j - a scroll of enchant armour {unknown}
 m - a scroll of fog {unknown}
Potions
 f - a potion of curing {unknown}
 k - a potion of lignification
 l - a potion of degeneration {unknown}
Comestibles
 d - 2 rations
 i - a chunk of flesh


   Skills:
 * Level 1.5 Fighting
 + Level 0.4 Armour
 * Level 2.0 Dodging
 + Level 1.0 Stealth
 + Level 3.1 Unarmed Combat
 + Level 2.1 Spellcasting
 + Level 2.2 Transmutations


You had 5 spell levels left.
You knew the following spells:

 Your Spells              Type           Power        Failure   Level  Hunger
a - Beastly Appendage     Tmut           #.....       11%         1    ##.....

Your spell library contained the following spells:

 Spells                   Type           Power        Failure   Level  Hunger
 Sticks to Snakes         Tmut           #.......     16%         2    ###....
 Spider Form              Tmut/Pois      #.........   43%         3    ####...
 Ice Form                 Ice/Tmut       #.......     85%         4    #####..
 Blade Hands              Tmut           #.........   96%         5    ######.


Dungeon Overview and Level Annotations

Branches:
Dungeon (2/15)

Altars:


Innate Abilities, Weirdness & Mutations

You cannot wear boots.
((Your serpentine skin is tough. (AC +1)))
You have supernaturally acute eyesight. (SInv)
((Armour fits poorly on your strangely shaped body.))
((Your system is resistant to poisons. (rPois)))
((You cover ground very slowly.))
You have a slow metabolism.
You can spit poison.


Message History

Your Stealth skill increases to level 1!
You have reached level 3!
Your experience leads to an increase in your attributes!
Increase (S)trength, (I)ntelligence, or (D)exterity?
You feel stronger.
Your skin feels tougher.
You hit the gnoll. You freeze the gnoll.
The gnoll is heavily wounded.
The gnoll hits you but does no damage.
You hit the gnoll. You freeze the gnoll.
The gnoll is severely wounded.
The gnoll hits you but does no damage.
You barely miss the gnoll.
The gnoll is severely wounded.
You have got your breath back.
The gnoll hits you with a +0 whip.
* * * LOW HITPOINT WARNING * * *
You barely miss the gnoll.
The gnoll is severely wounded.
The gnoll hits you with a +0 whip.
You die...

.......g######'#######
.................##############
#..........................
#............#####....####.
#............# #.......#.
#............# #.....#.#.
####...###g#.# #....<#.#. #...#
#g#.#####....##.#. #...#
#♣#.....'....'..#. #...#
#.#######....####. #...#
#................. #...#
################## #...# #...#


You could see 2 gnolls.

Vanquished Creatures
  A gnoll (D:2)
  A worm (D:2)
  A dart slug (D:2)
  2 giant cockroaches (D:2)
  3 goblins (D:1)
  3 bats
  A frilled lizard (D:2)
  A kobold (D:1)
  4 rats
17 creatures vanquished.

Notes
Turn   | Place    | Note
-------+----------+-------------------------------------------
     0 | D:1      | roguesci the Naga Transmuter began the quest for the Orb.
     0 | D:1      | Reached XP level 1. HP: 18/18 MP: 3/3
   350 | D:1      | Reached XP level 2. HP: 11/25 MP: 3/5
  1190 | D:2      | Reached skill level 1 in Stealth
  1190 | D:2      | Reached XP level 3. HP: 6/31 MP: 4/6
  1194 | D:2      | Slain by a gnoll

Levels and vault maps discovered:
D:1:      lemuel_arrival_muddy, layout_basic, minmay_pentomino_s4
D:2:      layout_basic, chequers_serial_rivers_room_b

Skill      XL: |  1  2 |
---------------+-------+-----
Dodging        | 2 |  2.0
Stealth        | 1 |  1.0
Fighting       | |  1.5
Armour         | |  0.4
Unarmed Combat | |  3.1
Spellcasting   | |  2.1
Transmutations | |  2.2

Action                   || total
-------------------------++-------
Melee: Short sword       ||    36
       Unarmed           ||     1
Throw: Stone             ||     7
 Cast: Beastly Appendage ||     3
 Abil: Spit Poison       ||     3
  Use: Potion            ||     1
Armor: Robe              ||     5
       Skin              ||     3
Dodge: Dodged            ||    20

Table legend:
 A = Non-vault XP
 B = Vault XP
 C = Vault XP percentage of total XP
 D = Non-vault monster count
 E = Vault monster count
 F = Vault count percentage of total count
                 A         B        C        D         E       F
            +---------+---------+-------+---------+---------+-------
      Total |      40 |       3 |   7.0 |      15 |       2 |  11.8
            +---------+---------+-------+---------+---------+-------
        D:1 |       9 |       3 |  25.0 |       7 |       2 |  22.2
        D:2 |      31 |       0 |   0.0 |       8 |       0 |   0.0
            +---------+---------+-------+---------+---------+-------
